 Dungeon Crawl Stone Soup version 0.19.5 (webtiles) character file.

105149 wolfsongas the Bludgeoner (level 15, -7/157 HPs)
             Began as a Minotaur Fighter on May 5, 2017.
             Was the Champion of Trog.
             Killed by a malign offering
             ... invoked by a deep elf high priest
              (25 damage)
             ... on level 3 of the Elven Halls.
             The game lasted 01:34:07 (18130 turns).

wolfsongas the Bludgeoner (Minotaur Fighter)       Turns: 18130, Time: 01:34:18

Health: -7/157     AC: 31    Str: 29    XL:     15   Next: 93%
Magic:  14/14      EV: 17    Int:  7    God:    Trog [******]
Gold:   2317       SH: 22    Dex: 25    Spells: 0 memorised, 14 levels left

rFire  . . .     SeeInvis .     a - +7 eveningstar of Fortitude {crush, *Rage Int+2 Dex+9}
rCold  . . .     Gourm    .     r - +3 plate armour
rNeg   . . .     Faith    .     q - +0 large shield
rPois  +         Spirit   .     i - +2 hat
rElec  .         Reflect  .     L - +0 cloak {rPois}
rCorr  .         Harm     .     B - +2 pair of gloves
MR     +++..     Rnd*Rage +     (no boots)
Stlth  ..........               x - amulet of regeneration
                                j - +5 ring of slaying
                                w - +6 ring of strength

@: exhausted, very slightly contaminated, regenerating, slowed, very slow
A: retaliatory headbutt, horns 2, rugged brown scales 1, slimy green scales 1,
thin metallic scales 1, agile 1, sense surroundings 1, regeneration 1, robust 1,
screaming 1, subdued magic 1, MP-powered wands
a: Berserk, Trog's Hand, Brothers in Arms, Burn Spellbooks, Renounce Religion


You were on level 3 of the Elven Halls.
You worshipped Trog.
Trog was exalted by your worship.
You were not hungry.

You visited 4 branches of the dungeon, and saw 23 of its levels.
You visited the Abyss 1 time.

You collected 2317 gold pieces.

Inventory:

Hand Weapons
 a - the +7 eveningstar of Fortitude (weapon) {crush, *Rage Int+2 Dex+9}
   (Trog gifted it to you on level 2 of the Orcish Mines)

   It inflicts extra damage upon your enemies.
   It affects your intelligence (+2).
   It affects your dexterity (+9).
   It may make you go berserk in combat.
 m - a +9 mace of electrocution
 v - the +12 lajatang of Houleych {holy, rElec rPois MR+ Str+5}
   (Trog gifted it to you on level 3 of the Elven Halls)

   It has been blessed by the Shining One to cause great damage to the undead
   and demons.
   It affects your strength (+5).
   It insulates you from electricity.
   It protects you from poison.
   It affects your resistance to hostile enchantments.
 G - a +3 antimagic demon whip
 J - a +0 dire flail of freezing
Armour
 g - a +1 plate armour of poison resistance
 i - a +2 hat (worn)
 q - a +0 large shield (worn)
 r - a +3 plate armour (worn)
 B - a +2 pair of gloves (worn)
 L - a +0 cloak of poison resistance (worn)
Jewellery
 j - a +5 ring of slaying (right hand)
 u - a +5 ring of strength
 w - a +6 ring of strength (left hand)
 x - an amulet of regeneration (around neck)
Wands
 d - a wand of digging (5/24)
 k - a wand of polymorph (22/24)
 o - a wand of lightning (15/15)
 p - a wand of teleportation (9/9)
 C - a wand of paralysis (10/24)
Scrolls
 f - 3 scrolls of holy word
 s - 3 scrolls of fear
 y - a scroll of remove curse
 z - 5 scrolls of teleportation
 E - a scroll of summoning
Potions
 c - 2 potions of flight
 e - 6 potions of curing
 l - 5 potions of magic
 n - 2 potions of brilliance
 A - a potion of cancellation
Miscellaneous
 F - a sack of spiders
Comestibles
 h - 8 bread rations


   Skills:
 + Level 14.8 Fighting
 + Level 17.9 Maces & Flails
 + Level 14.6 Armour
 + Level 13.3 Dodging
 * Level 14.0 Shields


You had 14 spell levels left.
You didn't know any spells.

Dungeon Overview and Level Annotations

Branches:
Dungeon (12/15)            Temple (0/1) D:6            Lair (6/6) D:8
 Shoals (0/4) Lair:4        Snake (0/4) Lair:3        Slime (0/5) Lair:5
    Orc (2/2) D:11            Elf (3/3) Orc:2

Altars:
Kikubaaqudgha
Nemelex Xobeh
Trog
Vehumet
Xom
Zin
The Shining One
Beogh

Shops:
Orc:2 *(=   Elf:1 (   Elf:3 }=}

Annotations:
Lair:5 exclusion: oklob plant


Innate Abilities, Weirdness & Mutations

You reflexively headbutt those who attack you in melee.
You have a pair of horns on your head.
You are partially covered in rugged brown scales. (AC +1, +3% HP)
You are partially covered in slimy green scales. (AC +2)
You are partially covered in thin metallic scales. (AC +2)
You are agile. (Dex +2)
You passively map a small area around you.
Your natural rate of healing is unusually fast.
You are robust. (+10% HP)
You occasionally shout uncontrollably at your foes.
Your spells are a little easier to cast, but a little less powerful.
You expend magic power (3 MP) to strengthen your wands.


Message History

The sphere of damnation explodes!
The damnation engulfs you!
A deep elf high priest comes into view. It is wielding a short sword.
The deep elf high priest calls down the wrath of its god upon you.
The sphere of damnation explodes!
The damnation engulfs you!
* * * LOW HITPOINT WARNING * * *
You hear a shout! x6
Found an arrow.
You shout at the deep elf annihilator! 8 elves come into view.
Okay, then.
Okay, then.
Okay, then.
Okay, then.
Your skin crawls.
You feel resistant to hostile enchantments.
You feel somewhat more hungry.
The deep elf master archer shoots an arrow.
You block the arrow.
The deep elf high priest utters a dark prayer and points at you.
Your life force is offered up.
You die...

#..#...#####.#..e....####
* #..#...# # .#EE#eE#
#..'...# ###E#e.#
#..#...# ##.###..#*
#..#...# ##...##.e# .
#..###'# ##.....#ee#e.,
#^.#...# ##...#........
'..#...# #...###ee....# ,
'..#...# #...#@.e.....
'..#...# ##......e.e..
#..#...# ##..........
#..#...# ##.........
#..#...# ##...e....
#..'...# .....e...
#..#'### ......... ,
#..#...# .e.......
#..'...# * *


You could see a deep elf master archer, 3 deep elf annihilators, a deep elf
death mage, a deep elf demonologist, 3 deep elf high priests and 3 deep elf
magi.

Vanquished Creatures
  2 deep elf sorcerers (Elf:3)
  A deep elf elementalist (Elf:2)
  A stone giant (Orc:2)
  2 deep elf annihilators (Elf:3)
  3 deep elf death magi
  2 deep elf high priests
  Josephine (D:10)
  A hydra (D:12)
  The ghost of BluePsion the Slinger, a novice CeHu of Okawaru (D:9)
  25 dancing weapons
  A tengu warrior (D:11)
  An orc high priest (Orc:2)
  Sonja (Lair:1)
  The ghost of wolfsongas the Basher, a novice MiFi of the Shining One (D:8)
  15 deep elf knights
  12 deep elf archers
  3 orc knights (Orc:2)
  A manticore (D:11)
  2 orc sorcerers (Orc:2)
  3 ugly things (D:12)
  4 cyclopes (D:12)
  12 elephants
  42 deep elf magi
  2 black mambas
  A torpor snail (Lair:3)
  Joseph (D:7)
  An ice statue (Elf:1)
  7 spiny frogs
  A rime drake (Lair:3)
  2 komodo dragons
  A tengu conjurer (D:11)
  5 trolls
  2 polar bears
  Grinder (D:3)
  3 two-headed ogres (D:12)
  4 dream sheep (Lair:5)
  4 blink frogs (Lair:5)
  9 hippogriffs
  3 air elementals (Elf:3)
  2 wyverns
  6 wraiths
  2 water elementals (Elf:3)
  42 yaks
  4 fire elementals
  3 hungry ghosts
  A basilisk (Lair:4)
  2 mottled dragons
  Menkaure (D:7)
  A warg (Orc:2)
  6 water moccasins
  5 porcupines
  3 eyes of draining
  3 ice beasts
  5 sky beasts
  2 black bears
  21 orc warriors
  A necrophage (D:8)
  A phantom (D:7)
  9 ogres
  4 wolves (Lair:2)
  The ghost of Pekkit the Caller, an amateur CeSu (D:3)
  5 centaurs
  4 crocodiles
  8 bullfrogs
  5 earth elementals
  A wyvern zombie (D:10)
  2 scorpions
  A water moccasin zombie (D:7)
  12 killer bees
  5 wights (D:10)
  A howler monkey (D:12)
  An electric eel (Lair:5)
  5 crimson imps
  4 jellies
  A centaur zombie (D:7)
  A bullfrog zombie (D:12)
  A quasit (D:9)
  14 orc priests
  A centaur skeleton (D:4)
  7 hounds
  3 iguanas
  19 orc wizards
  13 worker ants
  A killer bee zombie (D:7)
  2 hound skeletons
  A worker ant zombie (D:7)
  11 adders
  3 gnolls (D:11)
  3 shadow imps
  2 oozes
  An adder zombie (D:5)
  2 adder skeletons
  2 worms (D:2)
  8 dart slugs
  5 leopard geckos
  54 orcs
  7 bats
  3 giant cockroaches
  7 goblins
  6 hobgoblins
  10 jackals
  6 kobolds
  3 quokkas
  A ball python (D:3)
  6 frilled lizards
  A leopard gecko skeleton (D:8)
  A quokka skeleton (D:5)
  2 quokka zombies (D:5)
  14 rats
  9 fungi
  13 plants
607 creatures vanquished.

Vanquished Creatures (collateral kills)
  Saint Roka (Orc:2)
  An orc warlord (Orc:2)
  A deep elf knight (Elf:2)
  2 deep elf archers (Elf:1)
  2 deep elf magi
  An orc sorcerer (Orc:2)
  A troll (D:11)
  A warg (Orc:2)
  3 orc warriors (Orc:2)
  An ogre (Orc:2)
  2 orc priests (Orc:2)
  3 orc wizards (Orc:2)
  6 orcs (Orc:2)
25 creatures vanquished.

Vanquished Creatures (others)
  An orc (Orc:2)
  A fire vortex (Lair:5)
  A plant (Lair:1)
3 creatures vanquished.

Grand Total: 635 creatures vanquished

Notes
Turn   | Place    | Note
-------+----------+-------------------------------------------
     0 | D:1      | wolfsongas the Minotaur Fighter began the quest for the Orb.
     0 | D:1      | Reached XP level 1. HP: 19/19 MP: 0/0
    74 | D:1      | Reached skill level 3 in Maces & Flails
    86 | D:1      | Reached XP level 2. HP: 9/26 MP: 1/1
   482 | D:1      | Reached skill level 4 in Maces & Flails
   512 | D:1      | Reached XP level 3. HP: 27/31 MP: 2/2
   963 | D:2      | You fall through a shaft!
   965 | D:3      | Reached skill level 5 in Maces & Flails
  1059 | D:3      | Reached XP level 4. HP: 33/39 MP: 3/3
  1200 | D:2      | Noticed a moth of wrath
  1203 | D:2      | Found a bloodstained altar of Trog.
  1231 | D:2      | Became a worshipper of Trog the Wrathful
  1461 | D:2      | Gained mutation: Your spells are a little easier to cast, but a little less powerful. [potion of mutation]
  1461 | D:2      | Gained mutation: You expend magic power (3 MP) to strengthen your wands. [potion of mutation]
  1461 | D:2      | Gained mutation: You are agile. (Dex +2) [potion of mutation]
  1663 | D:3      | Reached skill level 6 in Maces & Flails
  1665 | D:3      | Noticed Pekkit's ghost (amateur CeSu)
  1666 | D:3      | Noticed Grinder
  1674 | D:3      | Killed Pekkit's ghost
  1674 | D:3      | Reached skill level 7 in Maces & Flails
  1674 | D:3      | Reached XP level 5. HP: 23/45 MP: 4/4
  1680 | D:3      | Killed Grinder
  1680 | D:3      | Reached skill level 8 in Maces & Flails
  1680 | D:3      | Reached XP level 6. HP: 10/51 MP: 5/5
  2095 | D:3      | Found a radiant altar of Vehumet.
  2426 | D:4      | Reached skill level 9 in Maces & Flails
  2547 | D:4      | Reached XP level 7. HP: 57/57 MP: 6/6
  2626 | D:4      | Found a sparkling altar of Nemelex Xobeh.
  2699 | D:4      | Got a faintly humming robe
  2700 | D:4      | Identified the +1 robe of Dishonour {rPois MR+ Str-4} (You found it on level 4 of the Dungeon)
  2919 | D:5      | Entered Level 5 of the Dungeon
  3009 | D:5      | Reached * piety under Trog
  3359 | D:5      | Reached skill level 10 in Maces & Flails
  3685 | D:6      | Found a staircase to the Ecumenical Temple.
  3937 | D:6      | Found a glowing silver altar of Zin.
  3938 | D:6      | Found a bloodstained altar of Trog.
  3955 | D:6      | Reached skill level 11 in Maces & Flails
  4200 | D:6      | Found an ancient bone altar of Kikubaaqudgha.
  4200 | D:6      | Found a shimmering altar of Xom.
  4201 | D:6      | Found a glowing golden altar of the Shining One.
  4373 | D:7      | Noticed Joseph
  4384 | D:7      | Killed Joseph
  4384 | D:7      | Reached XP level 8. HP: 36/64 MP: 7/7
  4396 | D:7      | Reached skill level 12 in Maces & Flails
  4554 | D:7      | Reached skill level 1 in Dodging
  4557 | D:7      | Reached ** piety under Trog
  4807 | D:7      | Noticed Menkaure
  4814 | D:7      | Killed Menkaure
  4814 | D:7      | Reached skill level 5 in Armour
  4817 | D:7      | Reached skill level 5 in Fighting
  5229 | D:7      | Gained mutation: Your natural rate of healing is unusually fast. [potion of beneficial mutation]
  5251 | D:7      | Reached XP level 9. HP: 74/74 MP: 8/8
  5575 | D:8      | Found a bloodstained altar of Trog.
  5578 | D:8      | Noticed wolfsongas's ghost (novice MiFi)
  5588 | D:8      | Killed wolfsongas's ghost
  5593 | D:8      | Reached skill level 13 in Maces & Flails
  5704 | D:8      | Reached skill level 5 in Dodging
  5735 | D:8      | Gained mutation: You have large cloven feet. [mutagenic meat]
  5736 | D:8      | Lost mutation: You have large cloven feet. [mutagenic meat]
  5737 | D:8      | Gained mutation: You are partially covered in rugged brown scales. (AC +1, +3% HP) [mutagenic meat]
  5738 | D:8      | Gained mutation: Armour fits poorly on your strangely shaped body. [mutagenic meat]
  5739 | D:8      | Gained mutation: You tend to lose your temper in combat. [mutagenic meat]
  5779 | D:8      | Found a staircase to the Lair.
  5961 | D:8      | Reached *** piety under Trog
  5965 | D:8      | Reached XP level 10. HP: 79/88 MP: 9/9
  6035 | D:9      | Found a radiant altar of Vehumet.
  6218 | D:9      | Noticed BluePsion's ghost (novice CeHu)
  6224 | D:9      | Killed BluePsion's ghost
  6249 | D:9      | Gained mutation: You are partially covered in slimy green scales. (AC +2) [mutagenic meat]
  6250 | D:9      | Gained mutation: You are partially covered in thin metallic scales. (AC +2) [mutagenic meat]
  6251 | D:9      | Gained mutation: Your system is resistant to poisons. (rPois) [mutagenic meat]
  6561 | D:10     | Entered Level 10 of the Dungeon
  6683 | D:10     | Reached **** piety under Trog
  6725 | D:10     | Lost mutation: You tend to lose your temper in combat. [mutagenic meat]
  6726 | D:10     | Gained mutation: You are robust. (+10% HP) [mutagenic meat]
  6826 | D:10     | Noticed Josephine
  6837 | D:10     | Killed Josephine
  6844 | D:10     | Reached skill level 14 in Maces & Flails
  7039 | D:10     | Reached XP level 11. HP: 106/109 MP: 10/10
  7464 | D:11     | Gained mutation: You occasionally shout uncontrollably at your foes. [potion of mutation]
  7464 | D:11     | Gained mutation: You passively map a small area around you. [potion of mutation]
  7500 | D:11     | Found a staircase to the Orcish Mines.
  7681 | D:11     | Noticed a tengu warrior
  7696 | D:11     | Killed a tengu warrior
  8197 | Lair:1   | Entered Level 1 of the Lair of Beasts
  8217 | Lair:1   | Noticed Sonja
  8226 | Lair:1   | Cast into level 2 of the Abyss (Sonja)
  8226 | Abyss:2  | Found a corrupted altar of Lugonu.
  8281 | Lair:1   | Escaped the Abyss
  8404 | Lair:1   | Reached skill level 10 in Fighting
  8521 | Lair:1   | Killed Sonja
  8548 | Lair:1   | Reached ***** piety under Trog
  8552 | Lair:1   | Reached skill level 10 in Armour
  9129 | Lair:2   | Reached skill level 15 in Maces & Flails
  9282 | Lair:2   | Reached XP level 12. HP: 116/122 MP: 11/11
  9921 | Lair:3   | Reached skill level 10 in Dodging
  9939 | Lair:3   | Found a staircase to the Snake Pit.
 10778 | Lair:4   | Found a staircase to the Shoals.
 11529 | Lair:5   | You fall through a shaft!
 11529 | Lair:6   | Entered Level 6 of the Lair of Beasts
 11576 | Lair:6   | Gained mutation: You have large cloven feet. [potion of beneficial mutation]
 11625 | Lair:6   | Received a gift from Trog
 11781 | Lair:5   | Found a staircase to the Slime Pits.
 12035 | Lair:5   | Reached skill level 5 in Shields
 12103 | Lair:5   | Reached XP level 13. HP: 133/133 MP: 12/12
 12167 | Lair:5   | Reached skill level 16 in Maces & Flails
 12364 | Lair:2   | You fall through a shaft for 2 floors!
 13196 | D:12     | Received a gift from Trog
 13683 | Orc:1    | Entered Level 1 of the Orcish Mines
 13926 | Orc:2    | Entered Level 2 of the Orcish Mines
 13926 | Orc:2    | Noticed an orc warlord
 13945 | Orc:2    | Killed an orc warlord
 14172 | Orc:2    | Noticed Saint Roka
 14185 | Orc:2    | Found a roughly hewn altar of Beogh.
 14187 | Orc:2    | Reached ****** piety under Trog
 14286 | Orc:2    | Received a gift from Trog
 14287 | Orc:2    | Got a warped eveningstar {god gift}
 14354 | Orc:2    | Identified the +7 eveningstar of Fortitude {crush, *Rage Int+2 Dex+9} (Trog gifted it to you on level 2 of the Orcish Mines)
 14466 | Orc:2    | Noticed a stone giant
 14476 | Orc:2    | Killed a stone giant
 14509 | Orc:2    | Killed Saint Roka
 14509 | Orc:2    | Reached XP level 14. HP: 145/145 MP: 13/13
 14524 | Orc:2    | Lost mutation: Your system is resistant to poisons. (rPois) [potion of mutation]
 14524 | Orc:2    | Lost mutation: Armour fits poorly on your strangely shaped body. [potion of mutation]
 14524 | Orc:2    | Lost mutation: You have large cloven feet. [potion of mutation]
 14527 | Orc:2    | Found Dyolub's Jewellery Shoppe.
 14533 | Orc:2    | Found Yczas's Antique Armour Shoppe.
 14594 | Orc:2    | Found Tiak's Antique Weapon Shoppe.
 14626 | Orc:2    | Found Zoweab's General Store.
 14757 | Orc:2    | Found a staircase to the Elven Halls.
 15083 | Elf:1    | Entered Level 1 of the Elven Halls
 15189 | Elf:1    | Reached skill level 10 in Shields
 15300 | Elf:1    | Found Osilac's Weapon Emporium.
 15334 | Elf:1    | Received a gift from Trog
 15603 | Elf:1    | Reached skill level 17 in Maces & Flails
 15627 | Elf:1    | Found a frozen archway.
 15833 | Elf:1    | You fall through a shaft!
 15833 | Elf:2    | Noticed a deep elf elementalist
 15837 | Elf:2    | Killed a deep elf elementalist
 15886 | Elf:2    | Found a runed gate.
 15886 | Elf:2    | Found a runed gate.
 15889 | Elf:2    | Found a runed gate.
 16148 | Elf:2    | Received a gift from Trog
 16216 | Elf:2    | Reached XP level 15. HP: 155/155 MP: 14/14
 17038 | Elf:3    | Entered Level 3 of the Elven Halls
 17583 | Elf:3    | Found Itomaohi's Gadget Shop.
 17583 | Elf:3    | Found Heapa's Jewellery Shoppe.
 17585 | Elf:3    | Found Liguzeh's Gadget Shop.
 17633 | Elf:3    | Noticed a deep elf sorcerer
 17638 | Elf:3    | Received a gift from Trog
 17640 | Elf:3    | Killed a deep elf sorcerer
 17741 | Elf:3    | Got a crystal lajatang {god gift}
 17747 | Elf:3    | Identified the +12 lajatang of Houleych {holy, rElec rPois MR+ Str+5} (Trog gifted it to you on level 3 of the Elven Halls)
 18110 | Elf:3    | Noticed a deep elf sorcerer
 18110 | Elf:3    | Noticed a deep elf sorcerer
 18117 | Elf:3    | Killed a deep elf sorcerer
 18124 | Elf:3    | Noticed a deep elf sorcerer
 18130 | Elf:3    | Noticed a deep elf master archer
 18130 | Elf:3    | Killed from afar by a deep elf high priest

Skill      XL: |  1  2  3  4  5  6  7  8  9 10 11 12 13 14 15 |
---------------+----------------------------------------------+-----
Maces & Flails | 3 4 5 7 8 9 11 12 13 14 15 16 17 | 17.9
Fighting       | 5 7 9 10 12 13 14 | 14.8
Dodging        | 2 5 7 9 10 11 12 13 | 13.3
Armour         | 5 6 8 10 12 13 14 | 14.6
Shields        | 5 9 11 14 | 14.0

Action                   |  1- 3 |  4- 6 |  7- 9 | 10-12 | 13-15 || total
-------------------------+-------+-------+-------+-------+-------++-------
Melee: Flail             |   101 |    63 |       |       |       ||   164
       Headbutt          |     8 |     8 |    38 |   121 |   193 ||   368
       Mace              |       |    15 |   146 |   410 |   239 ||   810
       Kick              |       |       |       |    31 |   118 ||   149
       Eveningstar       |       |       |       |       |   358 ||   358
Invok: Berserk           |       |       |     2 |     8 |     8 ||    18
       Trog's Hand       |       |       |       |     2 |     2 ||     4
       Burn Spellbooks   |       |       |       |     4 |     1 ||     5
       Brothers in Arms  |       |       |       |     1 |     4 ||     5
Evoke: Sack of spiders   |       |       |       |       |     1 ||     1
       Wand              |       |       |       |       |     1 ||     1
  Use: Scroll            |     8 |     9 |    15 |    20 |    16 ||    68
       Potion            |       |     4 |     8 |     2 |     8 ||    22
  Eat: Bread ration      |     2 |       |       |     1 |     2 ||     5
       Fruit             |       |       |     3 |       |       ||     3
       Beef jerky        |       |       |     1 |       |     8 ||     9
       Meat ration       |       |       |     2 |     5 |     2 ||     9
       Chunk             |       |       |     5 |     7 |       ||    12
       Pizza             |       |       |       |     1 |       ||     1
Armor: Scale mail        |    37 |    45 |     1 |       |       ||    83
       Leather armour    |    14 |       |       |       |       ||    14
       Plate armour      |       |       |    72 |   274 |   214 ||   560
Dodge: Dodged            |    58 |    45 |    53 |   265 |   163 ||   584
Block: Shield            |    36 |       |       |       |       ||    36
       Large shield      |       |       |       |    26 |   540 ||   566
